IL
NORFOLK TIDES @ DURHAM BULLS
08/04/2045
 
TOP OF THE 1ST
Norfolk Tides batting - Pitching for Durham Bulls : RHP Steve Barrett
Pitching: RHP Steve Barrett
Batting: RHB Chase Cassidy 0-0: Foul Ball, location: 2F
0-1: Foul Ball, location: 2F
0-2: Ball
1-2: Strikes out swinging
Batting: RHB Vince Jackson 0-0: Ball
1-0: Called Strike
1-1: Swinging Strike
1-2: Strikes out swinging
Batting: SHB Brian Bentz 0-0: Foul Ball, location: 2F
0-1: Ball
1-1: Swinging Strike
1-2: Foul Ball, location: 2F
1-2: Ball
2-2: Strikes out swinging
Top of the 1st over - 0 runs, 0 hits, 0 errors, 0 left on base; Norfolk 0 - Durham 0
BOTTOM OF THE 1ST
Durham Bulls batting - Pitching for Norfolk Tides : RHP Ben Knapp
Pitching: RHP Ben Knapp
Batting: LHB Davion Lewis 0-0: Ball
1-0: Ground out 6-3 (Groundball, 6, EV 89.4 MPH)
Batting: RHB Jesse Basich 0-0: Called Strike
0-1: Swinging Strike
0-2: Ball
1-2: Ball
2-2: Foul Ball, location: 2F
2-2: Ball
3-2: Foul Ball, location: 2F
3-2: Foul Ball, location: 2F
3-2: Base on Balls
Batting: RHB Jeff Brower 0-0: Called Strike
0-1: Ball
1-1: Ball
2-1: Ball
3-1: Base on Balls
Jesse Basich to second
Batting: RHB Steve French 0-0: Ball
1-0: Ball
2-0: Called Strike
2-1: Foul Ball, location: 2F
2-2: Strikes out swinging
Batting: RHB Danny Diaz 0-0: SINGLE (Groundball, 34D, EV 101.9 MPH)
Jesse Basich to third
Jeff Brower to second
Runner from 3rd tries for Home, SAFE, throw by RF to home
Batting: LHB David Seminario 0-0: Ball
1-0: Ball
2-0: Ball
3-0: Called Strike
3-1: Called Strike
3-2: Foul Ball, location: 2F
3-2: Ground out U3 (Groundball, 3, EV 96.9 MPH)
Bottom of the 1st over - 1 run, 1 hit, 0 errors, 2 left on base; Norfolk 0 - Durham 1
TOP OF THE 2ND
Norfolk Tides batting - Pitching for Durham Bulls : RHP Steve Barrett
Batting: RHB Mike Hayward 0-0: Ground out 6-3 (Groundball, 6, EV 102.5 MPH)
Batting: RHB Andy Chess 0-0: Ball
1-0: Ball
2-0: Called Strike
2-1: Foul Ball, location: 2F
2-2: Strikes out looking
Batting: RHB Mario Saez 0-0: Ball
1-0: Ball
2-0: Ball
3-0: Base on Balls
Batting: RHB Geoffrey van der Wekken 0-0: Ball
1-0: Ball
2-0: Called Strike
2-1: Called Strike
2-2: Strikes out looking
Top of the 2nd over - 0 runs, 0 hits, 0 errors, 1 left on base; Norfolk 0 - Durham 1
BOTTOM OF THE 2ND
Durham Bulls batting - Pitching for Norfolk Tides : RHP Ben Knapp
Batting: SHB Willie Koviak 0-0: Ground out 4-3 (Groundball, 4, EV 108.1 MPH)
Batting: LHB Danny Hull 0-0: Foul Ball, location: 2F
0-1: Ground out 4-3 (Groundball, 4, EV 82.5 MPH)
Batting: LHB Angel Ruvalcaba 0-0: Foul Ball, location: 2F
0-1: Called Strike
0-2: Foul Ball, location: 2F
0-2: Ball
1-2: Foul Ball, location: 2F
1-2: Foul Ball, location: 2F
1-2: Foul Ball, location: 2F
1-2: Ball
2-2: Foul Ball, location: 2F
2-2: Ball
3-2: Strikes out swinging
Bottom of the 2nd over - 0 runs, 0 hits, 0 errors, 0 left on base; Norfolk 0 - Durham 1
TOP OF THE 3RD
Norfolk Tides batting - Pitching for Durham Bulls : RHP Steve Barrett
Batting: RHB Sal Espinosa 0-0: Ball
1-0: Called Strike
1-1: Foul Ball, location: 2F
1-2: Ball
2-2: Ground out U3 (Groundball, 3S, EV 77.5 MPH)
Batting: RHB Ricky Jimenez 0-0: Called Strike
0-1: Swinging Strike
0-2: Foul Ball, location: 2F
0-2: Ball
1-2: Strikes out swinging
Batting: RHB Chase Cassidy 0-0: Ground out 5-3 (Groundball, 56, EV 83.1 MPH)
Top of the 3rd over - 0 runs, 0 hits, 0 errors, 0 left on base; Norfolk 0 - Durham 1
BOTTOM OF THE 3RD
Durham Bulls batting - Pitching for Norfolk Tides : RHP Ben Knapp
Batting: LHB Davion Lewis 0-0: Ball
1-0: Swinging Strike
1-1: Foul Ball, location: 2F
1-2: Strikes out swinging
Batting: RHB Jesse Basich 0-0: Called Strike
0-1: Ball
1-1: Ball
2-1: Foul Ball, location: 2F
2-2: Ball
3-2: Base on Balls
Batting: RHB Jeff Brower 0-0: Ball
1-0: Foul Ball, location: 2F
1-1: Ball
2-1: Grounds into double play, 6-4-3 (Groundball, 6, EV 81.9 MPH)
Bottom of the 3rd over - 0 runs, 0 hits, 0 errors, 0 left on base; Norfolk 0 - Durham 1
TOP OF THE 4TH
Norfolk Tides batting - Pitching for Durham Bulls : RHP Steve Barrett
Batting: RHB Vince Jackson 0-0: Ball
1-0: Swinging Strike
1-1: Called Strike
1-2: Ball
2-2: Ball
3-2: Ground out U3 (Groundball, 3, EV 93.1 MPH)
Batting: SHB Brian Bentz 0-0: Called Strike
0-1: Called Strike
0-2: Ball
1-2: Ball
2-2: Strikes out swinging, 2-3 out at first.
Batting: RHB Mike Hayward 0-0: Ball
1-0: Ball
2-0: Ball
3-0: Base on Balls
Batting: RHB Andy Chess 0-0: Ball
1-0: Ground out 4-3 (Groundball, 4, EV 101.2 MPH)
Top of the 4th over - 0 runs, 0 hits, 0 errors, 1 left on base; Norfolk 0 - Durham 1
BOTTOM OF THE 4TH
Durham Bulls batting - Pitching for Norfolk Tides : RHP Ben Knapp
Batting: RHB Steve French 0-0: Ball
1-0: Ball
2-0: Swinging Strike
2-1: Ball
3-1: Called Strike
3-2: Base on Balls
Batting: RHB Danny Diaz 0-0: Ball
1-0: Ball
2-0: Called Strike
2-1: SINGLE (Groundball, 56D, EV 105.0 MPH)
Steve French to second
Batting: LHB David Seminario 0-0: Ball
1-0: Foul Ball, location: 2F
1-1: SINGLE (Groundball, 34D, EV 95.6 MPH)
Steve French to third
Danny Diaz to second
Runner from 3rd tries for Home, SAFE, throw by RF to home
Batting: SHB Willie Koviak 0-0: Ball
1-0: Ball
2-0: Called Strike
2-1: Ball
3-1: Base on Balls
Danny Diaz to third
David Seminario to second
Batting: LHB Danny Hull 0-0: Ball
Passed Ball!
Danny Diaz scores
David Seminario to third
Willie Koviak to second
1-0: Called Strike
1-1: Ground out 6-3 (Groundball, 6M, EV 86.9 MPH)
David Seminario scores
Willie Koviak to third
Batting: LHB Angel Ruvalcaba 0-0: Ground out U3 (Groundball, 3S, EV 70.6 MPH)
Batting: LHB Davion Lewis 0-0: Ball
1-0: Foul Ball, location: 2F
1-1: 2-RUN HOME RUN (Flyball, 9D, EV 103.1 MPH), Distance : 380 ft
Pitching: LHP Kyohei Koyama
Batting: RHB Jesse Basich 0-0: Called Strike
0-1: Ball
1-1: Fly out, F7 (Flyball, 7D, EV 85.0 MPH)
Bottom of the 4th over - 5 runs, 3 hits, 0 errors, 0 left on base; Norfolk 0 - Durham 6
TOP OF THE 5TH
Norfolk Tides batting - Pitching for Durham Bulls : RHP Steve Barrett
Batting: RHB Mario Saez 0-0: Ball
1-0: Ball
2-0: Foul Ball, location: 2F
2-1: SINGLE (Line Drive, 6MD, EV 106.2 MPH)
Batting: RHB Geoffrey van der Wekken 0-0: Foul Ball, location: 2F
0-1: Ball
1-1: Called Strike
1-2: Ball
2-2: Ball
3-2: Foul Ball, location: 2F
3-2: Ground out 5-3 (Groundball, 5S, EV 62.5 MPH)
Mario Saez to second
Batting: RHB Sal Espinosa 0-0: Called Strike
0-1: Called Strike
0-2: Strikes out swinging
Batting: RHB Ricky Jimenez 0-0: Called Strike
0-1: Ball
1-1: Foul Ball, location: 2F
1-2: Ground out 5-3 (Groundball, 56, EV 106.2 MPH)
Top of the 5th over - 0 runs, 1 hit, 0 errors, 1 left on base; Norfolk 0 - Durham 6
BOTTOM OF THE 5TH
Durham Bulls batting - Pitching for Norfolk Tides : LHP Kyohei Koyama
Batting: RHB Jeff Brower 0-0: Called Strike
0-1: Ball
1-1: Foul Ball, location: 2F
1-2: Fly out, F7 (Flyball, 7D, EV 99.4 MPH)
Batting: RHB Steve French 0-0: Ball
1-0: Foul Ball, location: 2F
1-1: Swinging Strike
1-2: Strikes out swinging
Batting: RHB Danny Diaz 0-0: Foul Ball, location: 2F
0-1: Foul Ball, location: 2F
0-2: Ball
1-2: Fly out, F7 (Flyball, 78D, EV 84.4 MPH)
Bottom of the 5th over - 0 runs, 0 hits, 0 errors, 0 left on base; Norfolk 0 - Durham 6
TOP OF THE 6TH
Norfolk Tides batting - Pitching for Durham Bulls : RHP Steve Barrett
Batting: RHB Chase Cassidy 0-0: Ball
1-0: Ball
2-0: Swinging Strike
2-1: SINGLE (Groundball, 6MD, EV 96.2 MPH)
Batting: RHB Vince Jackson 0-0: Fly out, F5 (Flyball, 5D, EV 86.9 MPH)
Batting: SHB Brian Bentz 0-0: Called Strike
0-1: Swinging Strike
Chase Cassidy steals 2nd, throwing error, E2
Chase Cassidy to third
0-2: Foul Ball, location: 2F
0-2: Ball
1-2: Strikes out swinging
Batting: RHB Mike Hayward 0-0: Foul Ball, location: 2F
0-1: Foul Ball, location: 2F
0-2: Ball
1-2: Ball
2-2: Ball
3-2: Fly out, F7 (Flyball, 7D, EV 105.6 MPH)
Top of the 6th over - 0 runs, 1 hit, 1 error, 1 left on base; Norfolk 0 - Durham 6
BOTTOM OF THE 6TH
Durham Bulls batting - Pitching for Norfolk Tides : LHP Kyohei Koyama
Batting: LHB David Seminario 0-0: Called Strike
0-1: Ball
1-1: SINGLE (Line Drive, 9S, EV 93.1 MPH)
Batting: SHB Willie Koviak 0-0: Called Strike
0-1: Ball
1-1: Called Strike
1-2: Ball
2-2: 2-RUN HOME RUN (Flyball, 7D, EV 96.9 MPH), Distance : 350 ft
Batting: LHB Danny Hull 0-0: Ball
1-0: SINGLE (Groundball, 6D, EV 96.2 MPH)
Batting: LHB Angel Ruvalcaba 0-0: Hit by Pitch
Danny Hull to second
Batting: LHB Davion Lewis 0-0: Called Strike
0-1: Ball
1-1: Fielders Choice at 2nd, 3-6 (Groundball, 3, EV 91.2 MPH)
Danny Hull to third
Batting: RHB Jesse Basich 0-0: Ball
1-0: Called Strike
1-1: Foul Ball, location: 2F
1-2: Foul Ball, location: 2F
1-2: Foul Ball, location: 2F
1-2: Hit by Pitch
Davion Lewis to second
Batting: RHB Jeff Brower 0-0: Ball
1-0: Called Strike
1-1: Swinging Strike
1-2: Grounds into double play, 6-4-3 (Groundball, 6, EV 86.2 MPH)
Bottom of the 6th over - 2 runs, 3 hits, 0 errors, 2 left on base; Norfolk 0 - Durham 8
TOP OF THE 7TH
Norfolk Tides batting - Pitching for Durham Bulls : RHP Steve Barrett
Batting: RHB Andy Chess 0-0: Fly out, F7 (Flyball, 78S, EV 95.6 MPH)
Batting: RHB Mario Saez 0-0: Ball
1-0: Ball
2-0: Fly out, F8 (Flyball, 8RD, EV 98.1 MPH)
Batting: RHB Geoffrey van der Wekken 0-0: Ball
1-0: Called Strike
1-1: Foul Ball, location: 2F
1-2: Strikes out swinging
Top of the 7th over - 0 runs, 0 hits, 0 errors, 0 left on base; Norfolk 0 - Durham 8
BOTTOM OF THE 7TH
Durham Bulls batting - Pitching for Norfolk Tides : LHP Kyohei Koyama
Pinch Hitting: RHB Sczlopy Hed 0-0: Ball
1-0: Swinging Strike
1-1: Ball
2-1: Ball
3-1: Called Strike
3-2: Foul Ball, location: 2F
3-2: Strikes out swinging
Batting: RHB Danny Diaz 0-0: Ball
1-0: Ball
2-0: Ball
3-0: Called Strike
3-1: Base on Balls
Pinch Hitting: LHB Isaac Bamberg Pickoff Throw to First - Error! E1
Danny Diaz to second
0-0: Called Strike
0-1: Foul Ball, location: 2F
0-2: Strikes out swinging
Batting: SHB Willie Koviak 0-0: Ball
1-0: 2-RUN HOME RUN (Flyball, 9D, EV 98.8 MPH), Distance : 367 ft
Batting: LHB Danny Hull 0-0: Ball
1-0: Called Strike
1-1: Foul Ball, location: 2F
1-2: Ball
2-2: Ground out U3 (Groundball, 34, EV 80.6 MPH)
Bottom of the 7th over - 2 runs, 1 hit, 1 error, 0 left on base; Norfolk 0 - Durham 10
TOP OF THE 8TH
Norfolk Tides batting - Pitching for Durham Bulls : RHP Steve Barrett
Now at 1B: Sczlopy Hed
Now in RF: Jesse Haddad
Batting: RHB Sal Espinosa 0-0: Fly out, F8 (Flyball, 8LXD, EV 99.4 MPH)
Batting: RHB Ricky Jimenez 0-0: Foul Ball, location: 2F
0-1: Ground out 6-3 (Groundball, 6, EV 88.1 MPH)
Batting: RHB Chase Cassidy 0-0: Ball
1-0: Ball
2-0: Foul Ball, location: 2F
2-1: Foul Ball, location: 2F
2-2: Fly out, F5 (Flyball, 5D, EV 94.4 MPH)
Top of the 8th over - 0 runs, 0 hits, 0 errors, 0 left on base; Norfolk 0 - Durham 10
BOTTOM OF THE 8TH
Durham Bulls batting - Pitching for Norfolk Tides : LHP Kyohei Koyama
Batting: LHB Angel Ruvalcaba 0-0: Called Strike
0-1: Ball
1-1: SINGLE (Line Drive, 7S, EV 88.1 MPH)
Pitching: RHP Cody Calderon
Batting: LHB Davion Lewis 0-0: Ball
1-0: Ground out 4-3 (Groundball, 34S, EV 72.5 MPH)
Angel Ruvalcaba to second
Pinch Hitting: SHB Ben Pierce 0-0: Called Strike
0-1: Ground out 6-3 (Groundball, 56, EV 79.4 MPH)
Batting: RHB Jeff Brower 0-0: Called Strike
0-1: Foul Ball, location: 2F
0-2: Ball
1-2: Foul Ball, location: 2F
1-2: Strikes out swinging
Bottom of the 8th over - 0 runs, 1 hit, 0 errors, 1 left on base; Norfolk 0 - Durham 10
TOP OF THE 9TH
Norfolk Tides batting - Pitching for Durham Bulls : RHP Steve Barrett
Now at 3B: Ben Pierce
Batting: RHB Vince Jackson 0-0: Fly out, F9 (Flyball, 9, EV 73.8 MPH)
Batting: SHB Brian Bentz 0-0: Called Strike
0-1: SINGLE (Groundball, 25, EV 75.6 MPH) (infield hit)
Batting: RHB Mike Hayward 0-0: SINGLE (Flyball, 8RS, EV 91.9 MPH)
Brian Bentz to second
Batting: RHB Andy Chess 0-0: Called Strike
0-1: Swinging Strike
0-2: Foul Ball, location: 2F
0-2: Grounds into double play, 6-4-3 (Groundball, 6, EV 106.2 MPH)
Top of the 9th over - 0 runs, 2 hits, 0 errors, 1 left on base; Norfolk 0 - Durham 10
Wednesday, June 22nd , 2022 - OOTP Baseball 23.4 Build 64